 Dungeon Crawl Stone Soup version 0.26-a0-259-g1effd001a9 (webtiles) character file.

Game seed: 11974718569490172746

55 raph the Conjurer (level 3, 0/19 HPs)
             Began as a Deep Elf Conjurer on July 19, 2020.
             Slain by a rat (1 damage)
             ... on level 2 of the Dungeon.
             The game lasted 00:03:48 (1646 turns).

raph the Conjurer (Deep Elf Conjurer)               Turns: 1646, Time: 00:03:48

Health: 0/19       AC:  2    Str:  5    XL:     3   Next: 67%
Magic:  1/10       EV: 13    Int: 22    God:
Gold:   47         SH:  0    Dex: 13    Spells: 6/9 levels left

rFire    . . .     SeeInvis .   f - +0 dagger
rCold    . . .     Faith    .   (no shield)
rNeg     . . .     Spirit   .   a - +0 robe
rPois    .         Reflect  .   (no helmet)
rElec    .         Harm     .   (no cloak)
rCorr    .                      (no gloves)
MR       .....                  (no boots)
Stlth    ++........             (no amulet)
HPRegen  0.06/turn              (no ring)
MPRegen  0.12/turn              (no ring)

@: no status effects
A: no striking features
a: no special abilities


You were on level 2 of the Dungeon.
You were not hungry.

You visited 1 branch of the dungeon, and saw 2 of its levels.

You collected 47 gold pieces.

Inventory:

Hand Weapons
 f - a +0 dagger (weapon)
Armour
 a - a +0 robe (worn)
 m - a +0 pair of boots
Scrolls
 b - 2 scrolls of remove curse {unknown}
 g - a scroll of blinking {unknown}
 h - 3 scrolls of fear {unknown}
 i - a scroll of identify {unknown}
Potions
 d - 3 potions of flight {unknown}
 e - a potion of resistance {unknown}
 j - a potion of brilliance {unknown}
 k - a potion of magic {unknown}
 l - a potion of berserk rage {unknown}
Comestibles
 c - 7 rations


   Skills:
 + Level 3.1 Dodging
 + Level 3.1 Stealth
 + Level 3.6 Spellcasting
 * Level 5.1 Conjurations


You had 6 spell levels left.
You knew the following spells:

 Your Spells              Type           Power        Failure   Level
a - Magic Dart            Conj           ####         1%          1
b - Searing Ray           Conj           ####..       2%          2

Your spell library contained the following spells:

 Spells                   Type           Power        Failure   Level
 Dazzling Flash           Conj/Hex       ###...       12%         3
 Fulminant Prism          Conj/Hex       ###.......   38%         4
 Iskenderun's Mystic Bla  Conj/Tloc      ###.....     38%         4


Dungeon Overview and Level Annotations

Branches:
Dungeon (2/15)

Altars:

Annotations:
D:2 Terence


Message History

The bat misses you. The rat barely misses you. The ooze misses you.
Terence hits you from afar with a +0 trident.
* * * LOW HITPOINT WARNING * * *
Casting: Searing Ray (safe; 2% risk of failure)
Confirm with . or Enter, or press ? or * to list all spells.
You don't have enough magic to cast that spell.
Casting: Searing Ray (safe; 2% risk of failure)
Confirm with . or Enter, or press ? or * to list all spells.
Aiming: Magic Dart (safe; 1% risk of failure)
Press: ? - help, Shift-Dir - straight line, f - bat, p - Terence
Aim: a bat The magic dart hits the bat.
You kill the bat!
The rat barely misses you. The ooze hits you.
* * * LOW HITPOINT WARNING * * *
Unknown command.
The rat closely misses you.
There is an escape hatch in the ceiling here.
The rat bites you.
You die...

#..# ####.# .# #...
#..#####....# .# ...
#†......#### ##
..####.##...# #
#......@.##.#####.##
#.......##.........
#.......##.........
#.......##rJ.......
#.......##@........
##########.........
#.........
#.........
#.........
..........
##########


You could see an ooze and a rat.

Vanquished Creatures
  An adder (D:2)
  2 dart slugs (D:1)
  A leopard gecko (D:1)
  4 bats
  5 giant cockroaches
  10 goblins
  4 hobgoblins (D:1)
  A ball python (D:1)
  2 frilled lizards (D:1)
  2 kobolds
  6 rats
38 creatures vanquished.

Notes
Turn   | Place    | Note
-------+----------+-------------------------------------------
     0 | D:1      | raph the Deep Elf Conjurer began the quest for the Orb.
     0 | D:1      | Reached XP level 1. HP: 10/10 MP: 6/6
   434 | D:1      | Reached XP level 2. HP: 15/15 MP: 0/8
   509 | D:2      | Learned a level 2 spell: Searing Ray
   904 | D:1      | Reached XP level 3. HP: 15/19 MP: 4/9
  1359 | D:2      | Reached skill level 5 in Conjurations
  1489 | D:2      | Noticed Terence
  1646 | D:2      | Slain by a rat

Illustrated notes

Levels and vault maps discovered:
D:1:      onia_arrival_pyramid, layout_rooms
D:2:      layout_rooms, minmay_tetromino_t2, uniq_terence

Skill      XL: |  1  2  3 |
---------------+----------+-----
Stealth        | 3 |  3.1
Dodging        | 3 |  3.1
Conjurations   | 5 |  5.1
Spellcasting   | |  3.6

Action                   || total
-------------------------++-------
Melee: Unarmed           ||     6
       Dagger            ||     7
 Cast: Magic Dart        ||    34
       Searing Ray       ||    21
  Eat: Ration            ||     1
Armor: Robe              ||    14
Dodge: Dodged            ||    39

Table legend:
 A = Non-vault XP
 B = Vault XP
 C = Vault XP percentage of total XP
 D = Non-vault monster count
 E = Vault monster count
 F = Vault count percentage of total count
                 A         B        C        D         E       F
            +---------+---------+-------+---------+---------+-------
      Total |      79 |       0 |   0.0 |      38 |       0 |   0.0
            +---------+---------+-------+---------+---------+-------
        D:1 |      51 |       0 |   0.0 |      27 |       0 |   0.0
        D:2 |      28 |       0 |   0.0 |      11 |       0 |   0.0
            +---------+---------+-------+---------+---------+-------
